 Dungeon Crawl Stone Soup version 0.26-a0-651-gb41185065b (webtiles) character file.

Game seed: 10985312343345698538

217 Elpoyo the Ruffian (level 5, 0/45 HPs)
             Began as a Ghoul Monk on Oct 8, 2020.
             Was a Plaything of Xom.
             Slain by a gnoll
             ... wielding a +2 vorpal spear
              (2 damage)
             ... on level 3 of the Dungeon.
             The game lasted 00:09:42 (2923 turns).

Elpoyo the Ruffian (Ghoul Monk)                     Turns: 2923, Time: 00:09:42

Health: 0/45       AC:  2    Str: 15    XL:     5   Next: 94%
Magic:  4/4        EV: 13    Int:  5    God:    Xom [....*.]
Gold:   148        SH:  0    Dex: 12    Spells: 4/4 levels left

rFire    . . .     SeeInvis .     - Unarmed
rCold    + . .     Faith    .   (no shield)
rNeg     + + +     Spirit   .   a - +0 robe
rPois    ∞         Reflect  .   (no helmet)
rElec    .         Harm     .   (no cloak)
rCorr    .         Rampage  .   (no gloves)
MR       .....                  (no boots)
Stlth    ++........             (no amulet)
HPRegen  0.00/turn              (no ring)
MPRegen  0.09/turn              (no ring)

@: mighty
A: rotting body, claws 1, cold resistance 1, negative energy resistance 3,
inhibited regeneration, torment resistance, unbreathing
a: Renounce Religion


You were on level 3 of the Dungeon.
You worshipped Xom.
You were a beloved toy of Xom.
You visited 1 branch of the dungeon, and saw 4 of its levels.

You collected 148 gold pieces.

Inventory:

Hand Weapons
 e - a +3 whip
Armour
 a - a +0 robe (worn)
Scrolls
 c - 4 scrolls of identify
 g - 2 scrolls of amnesia
 k - 2 scrolls of enchant weapon
 l - a scroll of fog {unknown}
 n - 2 scrolls of teleportation
 o - a scroll of blinking {unknown}
Potions
 b - a potion of berserk rage
 d - a potion of lignification {unknown}
 f - a potion of flight {unknown}
 h - a potion of invisibility {unknown}
 i - a potion of brilliance {unknown}
 j - 3 potions of curing {unknown}
 m - a potion of stabbing {unknown}


   Skills:
 - Level 3.2 Fighting
 - Level 2.6 Dodging
 - Level 2.1 Stealth
 + Level 7.0 Unarmed Combat


You had 4 spell levels left.
You didn't know any spells.
Your spell library was empty.

Dungeon Overview and Level Annotations

Branches:
Dungeon (4/15)
 Temple: D:4-7

Altars:
Hepliaklqana
Qazlal
Uskayaw
Xom
The Shining One


Innate Abilities, Weirdness & Mutations

Your body is rotting away.
You thrive by killing the living.
You are immune to poison.
You have sharp fingernails.
Your flesh is cold resistant. (rC+)
You are immune to negative energy. (rN+++)
You do not regenerate when monsters are visible.
You are immune to unholy pain and torment.
You can survive without breathing.


Message History

Found a stone staircase leading down.
The gnoll misses you.
The gnoll hits you from afar with a +0 halberd! "Let it end in hellfire!"
The gnoll is outlined in light.
The gnoll closely misses you.
There is a stone staircase leading up here.
You climb upwards.
The gnoll hits you with a +2 vorpal spear.
There is a stone staircase leading down here.
The gnoll hits you but does no damage.
The gnoll hits you from afar with a +2 vorpal spear!
You are no longer glowing.
You feel very mighty all of a sudden.
The gnoll hits you from afar with a +2 vorpal spear.
* * * LOW HITPOINT WARNING * * *
x2 The gnoll hits you with a +2 vorpal spear!
* * * LOW HITPOINT WARNING * * *
You die...
Xom giggles madly!

#.# ###.#
###.#####.########
.........÷..g...>#
###.############.#
###.############.#
g.g...........##g#
###.#########.##c#
#.# #.##g#
#.#########..#@#
#........###.#.##
#........###....#
#..........##'#.#
#.####..........##
#.# #...........#
#.# ######..)...##
#.# #.......#
**#.# ####))#.#


You could see a centaur, a gnoll and a hobgoblin.

Vanquished Creatures
  A hound (D:4)
  A worker ant (D:4)
  Ijyb (D:3)
  A howler monkey skeleton (D:4)
  4 adders
  An ooze (D:1)
  2 worms (D:2)
  A dart slug (D:2)
  3 leopard geckos
  5 orcs (D:3)
  A giant cockroach (D:1)
  7 goblins
  5 hobgoblins
  12 jackals
  3 kobolds
  A quokka (D:2)
  4 bats
  5 frilled lizards
  10 rats
68 creatures vanquished.

Vanquished Creatures (collateral kills)
  An adder (D:3)
1 creature vanquished.

Vanquished Creatures (others)
  A plant (D:3)
1 creature vanquished.

Grand Total: 70 creatures vanquished

Notes
Turn   | Place    | Note
-------+----------+-------------------------------------------
     0 | D:1      | Elpoyo the Ghoul Monk began the quest for the Orb.
     0 | D:1      | Reached XP level 1. HP: 19/19 MP: 0/0
    68 | D:1      | Reached XP level 2. HP: 25/26 MP: 1/1
   101 | D:1      | Reached skill level 4 in Unarmed Combat
   529 | D:1      | You fall into a shaft and drop 1 floor!
   547 | D:2      | Reached XP level 3. HP: 17/31 MP: 2/2
   984 | D:2      | Found a shimmering altar of Xom.
   998 | D:2      | Became a worshipper of Xom of Chaos
  1084 | D:2      | Found a stormy altar of Qazlal.
  1225 | D:2      | Reached skill level 5 in Unarmed Combat
  1236 | D:2      | Found a glowing golden altar of the Shining One.
  1460 | D:2      | Reached XP level 4. HP: 29/38 MP: 3/3
  1793 | D:3      | Found a hide-covered altar of Uskayaw.
  1793 | D:3      | Noticed a +0 hand axe
  1795 | D:3      | Noticed a +0 hand axe
  1844 | D:3      | Found a hazy altar of Hepliaklqana.
  1869 | D:3      | XOM: silly message
  1949 | D:3      | Noticed Ijyb
  1950 | D:3      | XOM: potion effect (might)
  1958 | D:3      | XOM: potion effect (stabbing)
  1974 | D:3      | XOM is BORED!
  1974 | D:3      | XOM: noise
  1976 | D:3      | Killed Ijyb
  1976 | D:3      | Reached skill level 6 in Unarmed Combat
  1976 | D:3      | XOM: cast spell 'Summon Small Mammal'
  1980 | D:3      | Reached XP level 5. HP: 28/45 MP: 4/4
  2211 | D:3      | XOM: confuse monster(s)
  2214 | D:3      | Noticed a centaur
  2223 | D:3      | XOM: enchant monster (good)
  2242 | D:3      | XOM: summons friendly ufetubus
  2259 | D:3      | XOM: chaos upgrade
  2260 | D:3      | XOM: divination: magic mapping
  2549 | D:4      | XOM: scenery: create altars
  2823 | D:4      | Reached skill level 7 in Unarmed Combat
  2909 | D:4      | XOM: fake destruction
  2923 | D:3      | HP: 2/45 [gnoll/+2 vorpal spear (8)]
  2923 | D:3      | Slain by a gnoll

Illustrated notes

Levels and vault maps discovered:
D:1:      roderic_chinese_lattice_arrival, layout_basic
D:2:      layout_loops_cross, nicolae_tso_carved_into_rock, lemuel_round_altar,
          xom_teletrap_fun, roderic_serpentine_path
D:3:      layout_basic, grunt_dithmenos_smoke_and_mirrors,
          dancing_weapons_uskayaw, lemuel_doored_altar,
          chequers_ecumenical_altar_island, saegor_snake_ambush, uniq_ijyb
D:4:      layout_layer_cave, led_sif_book

Skill      XL: |  1  2  3  4  5 |
---------------+----------------+-----
Unarmed Combat | 4 5 6 7 |  7.0
Fighting       | |  3.2
Dodging        | |  2.6
Stealth        | |  2.1

Action                   |  1- 3 |  4- 6 || total
-------------------------+-------+-------++-------
Melee: Unarmed           |   101 |   120 ||   221
       Punch             |     3 |     2 ||     5
  Use: Scroll            |     5 |       ||     5
       Potion            |       |     1 ||     1
 Stab: Sleeping          |     5 |     3 ||     8
       Confused          |       |     1 ||     1
Armor: Robe              |    14 |     5 ||    19
Dodge: Dodged            |    44 |    68 ||   112

Table legend: (Time is in decaauts)
 A = Elapsed time spent in this place.
 B = Non-inter-level travel time spent in this place.
 C = Inter-level travel time spent in this place.
 D = Time resting spent in this place.
 E = Time spent auto-exploring this place.
 F = Levels seen in this place.
 G = Mean time per level.
                   A        B        C        D        E       F      G
               +--------+--------+--------+--------+--------+-----+--------+
         Total |   2901 |   2826 |     75 |    450 |   1853 |   4 |  725.2 |
       Dungeon |   2901 |   2826 |     75 |    450 |   1853 |   4 |  725.2 |
               +--------+--------+--------+--------+--------+-----+--------+

Top non-repeatable levels by time:
     D:2: 906 daAuts
     D:1: 874 daAuts
     D:4: 648 daAuts
     D:3: 472 daAuts
